 Dungeon Crawl Stone Soup version 0.31-a0-1066-g35875b34c7 (webtiles) character file.

Game seed: 16325725984651542998

759460 Graknight the Conqueror (level 27, -5/273 HPs)
             Began as a Minotaur Berserker on Nov 21, 2023.
             Was the Champion of Trog.
             Killed from afar by an elemental wellspring (50 damage)
             ... with a torrent of water
             ... on level 4 of Cocytus on Nov 22, 2023.
             The game lasted 01:55:45 (87382 turns).

Graknight the Conqueror (Minotaur Berserker)       Turns: 87382, Time: 01:55:46

Health: -5/273     AC: 40    Str: 40      XL:     27
Magic:  0/22       EV: 19    Int:  2 (5)  God:    Trog [******]
Gold:   8121       SH: 24    Dex: 11      Spells: 26/26 levels left

rFire   + + +        a - +5 broad axe "Susotibe" {flame, Drain rC++ rN+++ Str+3}
rCold   + + +        c - +2 kite shield {rF+}
rNeg    + + +        b - +10 plate armour of the Lemon {rCorr SInv}
rPois   +            (helmet restricted)
rElec   +            p - scarf {shadows}
rCorr   +            d - +2 pair of gloves {infuse}
SInv    +            t - +2 pair of boots
Will    ++...        T - amulet of Typsy {Reflect rCorr Str+3 SH+5}
Stlth   +            B - ring of Faeb {rElec rF++ rC+ Str+3 Int-3}
HPRegen 0.65/turn    X - ring "Loisuega" {Fly rPois rF+ Slay+3}
MPRegen 0.18/turn

%: reflection
@: on berserk cooldown, flying, slowed, studying 4 skills, unable to drink, very
slow
A: horns 2, retaliatory headbutt, talons 1, screaming 1
}: 6/15 runes: serpentine, barnacled, slimy, silver, obsidian, abyssal
a: Renounce Religion, Berserk, Trog's Hand, Brothers in Arms


You were on level 4 of Cocytus.
You worshipped Trog.
Trog was exalted by your worship.
You visited 14 branches of the dungeon, and saw 63 of its levels.
You visited the Abyss 3 times.
You also visited: Ossuary, Bailey, Gauntlet, Ice Cave and Wizlab.

You collected 10967 gold pieces.
You spent 2846 gold pieces at shops.

Inventory:

Hand Weapons
 a - the +5 broad axe "Susotibe" (weapon) {flame, Drain rC++ rN+++ Str+3}
   (Trog gifted it to you on level 3 of the Shoals)

   Str+3:     It affects your strength (+3).
   rC++:      It greatly protects you from cold.
   rN+++:     It renders you almost immune to negative energy.
   Drain:     It drains your maximum health when unequipped.
 w - the +13 sceptre of Asmodeus
   (You took it off Asmodeus on level 7 of Gehenna)

   Fire Summon: It may summon demons of flame and damnation when striking foes.
 V - a +9 broad axe of draining
Missiles
 O - 4 throwing nets
Armour
 b - the +10 plate armour of the Lemon (worn) {rCorr SInv}
   (You found it on level 2 of the Dungeon)

   SInv:      It lets you see invisible.
   rCorr:     It protects you from acid and corrosion.
 c - a +2 kite shield of fire resistance (worn)
 d - a +2 pair of gloves of infusion (worn)
 p - a scarf of shadows (worn)
 t - a +2 pair of boots (worn)
Jewellery
 B - the ring of Faeb (left hand) {rElec rF++ rC+ Str+3 Int-3}
   (You found it on level 1 of the Crypt)

   [ring of protection from cold]

   Str+3:     It affects your strength (+3).
   Int-3:     It affects your intelligence (-3).
   rF++:      It greatly protects you from fire.
   rC+:       It protects you from cold.
   rElec:     It insulates you from electricity.
 Q - the ring of the Tortoise {AC+8}
   (You found it on level 5 of the Vaults)

   [ring of protection]

   AC+8:      It affects your AC (+8).
 S - a ring of resist corrosion
 T - the amulet of Typsy (around neck) {Reflect rCorr Str+3 SH+5}
   (You found it in a Gauntlet)

   [amulet of reflection]

   Reflect:   It reflects blocked missile attacks.
   Str+3:     It affects your strength (+3).
   rCorr:     It protects you from acid and corrosion.
   SH+5:      It affects your SH (+5).
 X - the ring "Loisuega" (right hand) {Fly rPois rF+ Slay+3}
   (You took it off a deep elf elementalist on level 3 of the Elven Halls)

   [ring of poison resistance]

   Slay+3:    It affects your accuracy & damage with ranged weapons and melee
   (+3).
   rF+:       It protects you from fire.
   rPois:     It protects you from poison Fly: It grants you flight.
Wands
 q - a wand of digging (18)
 s - a wand of flame (114)
 v - a wand of mindburst (50)
 x - a wand of polymorph (28)
 J - a wand of paralysis (53)
 M - a wand of iceblast (60)
 N - a wand of quicksilver (20)
Scrolls
 e - 11 scrolls of fog
 h - 6 scrolls of immolation
 j - 5 scrolls of blinking
 k - 11 scrolls of fear
 m - 9 scrolls of enchant weapon
 o - 25 scrolls of teleportation
 u - 10 scrolls of vulnerability
 z - 4 scrolls of noise
 E - 6 scrolls of revelation
 K - 2 scrolls of torment
 R - 5 scrolls of enchant armour
 U - 2 scrolls of butterflies
 W - 8 scrolls of poison
 Z - a scroll of silence
Potions
 f - 7 potions of heal wounds
 g - 11 potions of lignification
 i - 4 potions of mutation (quivered)
 l - 3 potions of berserk rage
 n - 13 potions of enlightenment
 r - 22 potions of curing
 A - 15 potions of might
 C - 6 potions of haste
 D - 3 potions of magic
 F - 6 potions of attraction
 G - a potion of resistance
 H - 5 potions of cancellation
 I - 3 potions of invisibility
 P - 4 potions of ambrosia
Miscellaneous
 L - the horn of Geryon


   Skills:
 O Level 27 Fighting
 O Level 27 Axes
 O Level 27 Armour
 O Level 27 Dodging
 + Level 12.6 Stealth
 O Level 27 Shields
 + Level 13.2 Evocations


You had 26 spell levels left.
You didn't know any spells.
Your spell library was empty.

Dungeon Overview and Level Annotations

Branches:
Dungeon (15/15)            Temple (0/1) D:6            Lair (5/5) D:9
 Shoals (4/4) Lair:2        Snake (4/4) Lair:3        Slime (5/5) Lair:5
    Orc (2/2) D:12            Elf (3/3) Orc:2        Vaults (5/5) D:13
  Crypt (3/3) Vaults:2       Tomb (0/3) Crypt:3      Depths (4/4) D:15
   Hell (visited)             Dis (0/7) Hell            Geh (7/7) Hell
    Coc (4/7) Hell            Tar (0/7) Hell            Zot (1/5) Depths:4
Ossuary (visited)          Bailey (visited)           IceCv (visited)
 WizLab (visited)         Gauntlet (visited)

Altars:
Ashenzari
Elyvilon
Gozag
Hepliaklqana
Okawaru
Ru
Trog
Zin
The Shining One

Shops:
D:4 !   Orc:2 **[[[   Elf:2 (   Shoals:2 (   Shoals:4 (   Snake:3 (**?
Snake:4 :   Vaults:1 [   Vaults:5 =?   Depths:2 [   Depths:4 =:=

Portals:
Hell: Depths:1 Depths:2 Depths:3 Depths:4
Abyss: Depths:3
Pandemonium: Depths:1 Depths:2 Depths:4
Ziggurat: Depths:3

Annotations:
Crypt:3 2 transporters, exclusion: obsidian statue, Datograv's ghost, adept NaAE; Gathuos's ghost, adept OpEE


Innate Abilities, Weirdness & Mutations

You have a pair of horns on your head.
You reflexively headbutt those who attack you in melee.
You have sharp toenails.
You occasionally shout uncontrollably at your foes.


Message History

You gasp with relief as air once again reaches your lungs.
You block the water elemental's attack.
Your intelligence has recovered.
The water elemental attacks as it pursues you!
The water elemental hits you.
The water elemental engulfs you in water!
You block the water elemental's attack.
You completely miss the water elemental.
* * * LOW HITPOINT WARNING * * *
Your lungs strain for air!
You block the water elemental's attack.
Unknown command.
You slash the water elemental! You burn the water elemental.
The water elemental is heavily damaged.
* * * LOW HITPOINT WARNING * * *
Your lungs strain for air!
You block the water elemental's attack. The Ice Fiend gestures at you.
The bolt of cold hits the water elemental!!!
The water elemental is destroyed!
The water elemental disappears in a puff of smoke!
The water engulfing you falls away.
You gasp with relief as air once again reaches your lungs.
The bolt of cold hits you. You resist.
* * * LOW HITPOINT WARNING * * *
You block the Ice Fiend's attack. x2
Unknown command.
You barely miss the Ice Fiend. You headbutt the Ice Fiend!!
The Ice Fiend is moderately wounded.
The Ice Fiend claws you but does no damage. x2
Unknown command.
You slice the Ice Fiend!! You burn the Ice Fiend.
Your headbutt misses the Ice Fiend.
The Ice Fiend is heavily wounded.
You block the Ice Fiend's attack. x2
You slice the Ice Fiend!! You burn the Ice Fiend!
The Ice Fiend is severely wounded.
A torrent of water rises up through the elemental wellspring!
The torrent of water hits you!!!
You die...

#### ##≈≈## ###
##≈1@≈##
≈≈≈####≈≈≈#≈≈#
≈^.≈≈≈≈≈∩≈##≈##
≈≈~~~≈≈~≈≈≈≈≈≈#
##≈≈~~~~≈≈≈≈≈##
#≈≈≈≈~~~≈≈≈≈≈#
≈≈≈≈≈E~~.≈≈≈##
≈≈≈≈≈~~..≈≈##
.....~..≈≈##


You could see an Ice Fiend and an elemental wellspring.

Vanquished Creatures
  Asmodeus (Geh:7)
  the Royal Jelly (Slime:5)
  Dissolution (Slime:4)
  the Serpent of Hell (Geh:7)
  Khufu (Crypt:3)
  2 dread liches
  4 ancient liches
  Mennas (Vaults:2)
  3 juggernauts
  Boris (twice) (Crypt:3 Depths:2)
  2 royal mummies (Crypt:3)
  3 shard shrikes (Coc:2)
  Saint Roka (Orc:2)
  3 caustic shrikes
  Xtahua (Crypt:3)
  Geryon (Hell)
  4 golden dragons
  A curse toe (Crypt:3)
  Nikola (Vaults:3)
  Norris (Elf:2)
  8 bone dragons
  13 Brimstone Fiends
  3 doom hounds
  10 hellephants
  Jorgrun (D:13)
  A walking crystal tome (Depths:1)
  4 tentacled monstrosities
  Rupert (Orc:2)
  6 titans
  4 Ice Fiends
  9 liches
  A walking earthen tome (Depths:2)
  A walking divine tome (Abyss:4)
  2 quicksilver dragons
  A walking frostbound tome (Depths:3)
  2 deep elf blademasters (Elf:3)
  An Executioner (Abyss:2)
  2 deep elf master archers (Elf:3)
  18 acid blobs
  10 sphinxes
  23 tentacled starspawn
  9 ancient champions
  The ghost of Graknight the Tortoise, an adept MiBe of Trog (Shoals:3)
  8 shadow dragons
  29 searing wretches
  5 tengu reavers
  Kirke (D:15)
  9 storm dragons
  A daeva (Abyss:4)
  3 revenants
  14 azure jellies
  11 rockslimes
  Ilsuiw (Shoals:4)
  5 nagarajas
  4 narguns
  4 deep elf sorcerers
  13 vault wardens
  15 frost giants
  29 fire giants
  2 iron dragons (Hell)
  4 deep elf elementalists (Elf:3)
  Louise (Shoals:3)
  A caustic shrike zombie (Abyss:1)
  A draconian annihilator (Depths:4)
  A ghost moth (Abyss:4)
  2 orc warlords
  3 curse skulls
  21 balrugs
  5 spriggan defenders
  A green draconian (Depths:4)
  14 stone giants
  11 quicksilver oozes
  7 ghouls
  2 cacodemons
  9 ironbound thunderhulks
  2 war gargoyles (Hell)
  9 reapers
  A caustic shrike skeleton (Hell)
  7 vampire knights
  18 very ugly things
  17 ironbound preservers
  9 formless jellyfish
  5 elemental wellsprings
  The ghost of AceOff the Protected, a journeyman MiFi of Jiyva (Elf:1)
  The ghost of Cesoluadot the Slicer, a journeyman DsFi of Trog (Lair:4)
  6 deep elf demonologists
  3 lorocyprocas
  5 wendigos
  10 deep elf annihilators
  A minotaur (Gauntlet)
  3 white draconians
  A yellow draconian (Depths:4)
  A bunyip (Abyss:2)
  9 spark wasps
  A bunyip (shapeshifter) (Vaults:5)
  An orange crystal statue (WizLab)
  2 purple draconians (Depths:4)
  13 dire elephants
  3 red draconians (Depths:4)
  11 deep elf death magi
  7 eidola
  Snorg (Lair:3)
  2 blizzard demons (Abyss:4)
  A crystal guardian (Vaults:3)
  A green death (Depths:1)
  14 yaktaur captains
  17 ettins
  10 merfolk impalers
  11 jiangshi
  4 merfolk javelineers
  5 deep elf high priests
  9 fire dragons
  Josephine (Orc:1)
  2 entropy weavers (Abyss:4)
  36 vault guards
  9 salamander tyrants
  7 ice dragons
  2 peacekeepers
  4 caustic shrike simulacra
  2 spriggan air magi
  14 great orbs of eyes
  6 hydras
  4 rakshasas
  2 alligator snapping turtles
  2 catoblepae
  5 merfolk avatars
  4 ironbound frosthearts
  3 juggernaut simulacra
  6 satyrs
  4 centaur warriors
  2 ogre magi (Vaults:5)
  10 stokers
  7 merfolk aquamancers
  9 boulder beetles
  3 death knights
  32 dancing weapons
  A spriggan skeleton (Abyss:1)
  4 two-headed ogres
  11 anacondas
  A death yak (Lair:5)
  24 hell hogs
  23 naga warriors
  2 demonic crawlers
  5 soul eaters
  15 thrashing horrors
  An azure jelly zombie (Crypt:1)
  4 deep troll earth magi
  A deep troll shaman (Depths:1)
  An occultist (Depths:1)
  6 orc high priests
  5 vampire magi
  11 tengu warriors
  10 shock serpents
  Sonja (Lair:4)
  21 deep elf knights
  A titan zombie (Crypt:1)
  18 naga sharpshooters
  3 hell knights
  A titan skeleton (Crypt:3)
  3 spriggan berserkers
  19 wretched stars
  Urug (Lair:2)
  8 skysharks
  11 sun demons
  5 iron trolls
  6 salamander mystics
  5 sixfirhies
  18 skeletal warriors
  2 shadow wraiths
  A fire crab (shapeshifter) (Depths:3)
  A spatial maelstrom (Abyss:2)
  Amaemon (Lair:2)
  22 sea snakes
  12 glowing orange brains
  A swamp dragon (Abyss:4)
  3 quicksilver dragon simulacra
  A goliath frog (shapeshifter) (Vaults:5)
  8 arcanists
  9 deep elf archers
  7 naga ritualists
  A golden dragon skeleton (Vaults:3)
  2 fenstrider witch simulacra
  A shadow demon (Abyss:1)
  A kraken simulacrum (Shoals:4)
  2 bog bodies (Crypt:2)
  7 spriggan simulacra
  9 flayed ghosts
  7 lindwurms
  52 deep trolls
  20 ironbound convokers
  12 harpies
  A bunyip skeleton (Crypt:2)
  28 deep elf pyromancers
  3 anaconda skeletons
  8 necromancers
  4 phantasmal warriors
  A tengu skeleton (Depths:1)
  4 orc knights
  11 mana vipers
  2 orc sorcerers
  34 deep elf zephyrmancers
  36 ugly things
  A frost giant zombie (Depths:1)
  A shadow dragon skeleton (Vaults:3)
  An oklob plant (Lair:2)
  3 will-o-the-wisps (Abyss:4)
  13 fauns
  6 shining eyes
  A faun (shapeshifter) (Vaults:4)
  3 worldbinders
  15 manticores
  38 large abominations
  35 elephants
  4 apocalypse crabs
  19 salamanders
  A moth of wrath (shapeshifter) (Depths:2)
  The ghost of BigAl98 the Ruffian, a novice TrFi (D:5)
  7 cyclopes
  A fire giant skeleton (Vaults:3)
  An eleionoma skeleton (Crypt:2)
  3 water nymphs
  A centaur zombie (Abyss:1)
  A jorogumo skeleton (Crypt:3)
  2 torpor snails
  9 naga magi
  A guardian serpent (shapeshifter) (Depths:3)
  12 guardian serpents
  5 eyes of devastation
  23 black mambas
  4 molten gargoyles (Hell)
  22 vault sentinels
  9 rust devils
  11 merfolk sirens
  Maggie (D:10)
  A cane toad (shapeshifter) (Vaults:5)
  2 ice statues (IceCv)
  A dire elephant zombie (Hell)
  10 cane toads
  2 dire elephant skeletons
  A titan simulacrum (Coc:1)
  7 orange demons
  A gargoyle (D:13)
  21 smoke demons
  3 unseen horrors
  A storm dragon simulacrum (Coc:1)
  A rime drake (shapeshifter) (Depths:3)
  3 kobold demonologists
  35 yaktaurs
  5 hellions
  A bunyip simulacrum (Coc:2)
  A tengu conjurer (D:15)
  9 tormentors
  An alligator snapping turtle skeleton (Hell)
  12 komodo dragons
  Jeremiah (D:6)
  A minotaur zombie (Gauntlet)
  A rime drake (Lair:5)
  4 efreet
  A death yak zombie (Crypt:2)
  A black draconian skeleton (Crypt:2)
  A white draconian skeleton (Crypt:3)
  9 freezing wraiths
  A green draconian skeleton (Crypt:2)
  7 anaconda simulacra
  16 ancient zymes
  A guardian mummy (Crypt:3)
  9 ice devils
  An iron troll skeleton (Crypt:3)
  A golden dragon simulacrum (Coc:2)
  A human skeleton (Vaults:3)
  35 merfolk
  7 trolls
  2 hellwings (Abyss:1)
  A wolf spider simulacrum (D:14)
  7 polar bears
  10 snapping turtles
  9 wind drakes
  11 hornets
  25 blink frogs
  2 tarantellas (shapeshifter)
  An ettin zombie (Depths:1)
  2 glass eyes
  27 raiju
  2 dream sheep (Shoals:4)
  93 slime creatures
  Sigmund (D:2)
  3 shadows
  9 spriggans
  10 flying skulls
  17 water elementals
  11 ynoxinuls
  4 air elementals
  2 stone giant simulacra
  2 centaur simulacra
  2 vampires
  A wyvern (Lair:3)
  A black mamba skeleton (Abyss:1)
  An alligator snapping turtle simulacrum (Hell)
  4 dire elephant simulacra
  3 fire elementals
  37 yaks
  A basilisk (shapeshifter) (Abyss:4)
  4 basilisks
  4 steam dragons
  13 wraiths
  16 golden eyes
  7 neqoxecs
  5 chaos spawn
  A death yak simulacrum (Lair:5)
  A minotaur simulacrum (Coc:1)
  Edmund (D:4)
  4 vampire mosquitoes
  14 harpy simulacra
  A glowing shapeshifter zombie (Depths:1)
  6 wargs
  43 nagas
  A naga zombie (Crypt:1)
  2 spatial vortices (Abyss:2)
  9 water moccasins
  3 hell hounds (Abyss:4)
  3 acid dragons
  2 naga skeletons
  2 hydra simulacra (IceCv)
  32 orc warriors
  A cane toad skeleton (Crypt:1)
  A sky beast (D:8)
  2 ettin simulacra
  A deep troll skeleton (Crypt:2)
  A black bear (shapeshifter) (Abyss:2)
  9 black bears
  A sky beast (shapeshifter) (Vaults:4)
  2 ice dragon simulacra (Hell)
  9 wolves (Lair:5)
  4 centaurs
  26 small abominations
  2 ogres
  An elephant skeleton (Crypt:3)
  2 phantoms (D:4)
  2 elf zombies
  2 kobold brigands
  4 necrophages
  21 bullfrogs
  2 gnoll sergeants
  2 earth elementals
  2 scorpions (D:6)
  17 wights
  A cyclops skeleton (Crypt:3)
  3 elephant simulacra
  11 killer bees
  7 electric eels
  A howler monkey (D:9)
  3 crimson imps
  5 quasits
  A basilisk zombie (Crypt:3)
  A jelly (shapeshifter) (Depths:2)
  6 jellies
  Crazy Yiuf (D:4)
  4 hounds
  2 gnoll boudas
  32 orc priests
  4 iguanas
  84 starcursed masses
  4 iron imps
  Ijyb (D:5)
  32 orc wizards
  Natasha (thrice) (D:2)
  7 hell rats
  A wolf simulacrum (IceCv)
  16 mummies
  16 gnolls
  7 adders
  2 naga simulacra
  A shadow imp (D:7)
  9 white imps
  8 ufetubi
  2 worms
  3 dart slugs
  85 orcs
  8 ball pythons
  10 endoplasms
  6 giant cockroaches
  16 goblins
  6 hobgoblins
  8 jackals
  19 kobolds
  8 bats
  4 frilled lizards
  5 goblin zombies (Ossuary)
  A hobgoblin zombie (Ossuary)
  2 kobold zombies
  7 rats
  A river rat skeleton (Crypt:2)
  3 creeping infernos
  11 fire vortices
  3 lurking horrors
  20 starspawn tentacles
2922 creatures vanquished.

Vanquished Creatures (collateral kills)
  An ancient lich (Vaults:4)
  A fire giant (Geh:6)
  A hell hog (Geh:6)
3 creatures vanquished.

Vanquished Creatures (others)
  A nargun (Coc:3)
  2 balrugs
  A caustic shrike simulacrum (Coc:3)
  2 ironbound frosthearts
  2 stokers
  A hell hog (Geh:6)
  A deep elf knight (Elf:3)
  A skyshark (Shoals:2)
  A spriggan simulacrum (Coc:1)
  2 large abominations (Abyss:4)
  A rust devil (Abyss:1)
  A titan simulacrum (Coc:4)
  A bunyip simulacrum (Coc:2)
  A golden dragon simulacrum (Coc:3)
  A glass eye (Depths:2)
  2 golden eyes (Abyss:1)
  An alligator snapping turtle simulacrum (Coc:3)
  A human (D:15)
  2 small abominations (Abyss:4)
  2 water moccasins (D:9)
  A naga simulacrum (Coc:3)
  2 ufetubi (D:7)
  4 creeping infernos
  A fire vortex (Geh:4)
  7 foxfires (Abyss:4)
  2 lurking horrors
  27 starspawn tentacles
  4 tentacles (Shoals:4)
75 creatures vanquished.

Grand Total: 3000 creatures vanquished

Notes
Turn   | Place    | Note
-------+----------+-------------------------------------------
     0 | D:1      | Graknight the Minotaur Berserker began the quest for the
                  | Orb.
     0 | D:1      | Reached XP level 1. HP: 19/19 MP: 0/0
   123 | D:1      | Reached XP level 2. HP: 27/27 MP: 1/1
   334 | D:1      | Reached ** piety under Trog
   335 | D:1      | Reached XP level 3. HP: 30/33 MP: 2/2
   559 | D:2      | Identified the +10 plate armour of the Lemon {rCorr SInv}
   725 | D:2      | Noticed Sigmund
   730 | D:2      | Killed Sigmund
   731 | D:2      | Reached skill level 5 in Axes
   731 | D:2      | Reached XP level 4. HP: 41/41 MP: 3/3
   731 | D:2      | Reached XP level 5. HP: 47/47 MP: 4/4
  1098 | D:2      | Identified the +1 rapier of Zewasuof {elec, Int+4}
  1103 | D:2      | Noticed Natasha
  1107 | D:2      | Killed Natasha
  1108 | D:2      | Reached skill level 5 in Fighting
  1239 | D:2      | Identified the +4 whip "Jiumyill" {vamp, rPois Str+2 Dex-3}
  1331 | D:2      | Noticed Natasha
  1338 | D:2      | Killed Natasha
  1339 | D:2      | Reached XP level 6. HP: 54/56 MP: 5/5
  1441 | D:2      | Noticed Natasha
  1446 | D:2      | Killed Natasha
  1538 | D:3      | Reached *** piety under Trog
  2345 | D:3      | Found a faded altar of an unknown god.
  2506 | D:4      | Reached skill level 5 in Armour
  2506 | D:4      | Reached XP level 7. HP: 36/62 MP: 4/6
  2602 | D:4      | Found a runed translucent door.
  2603 | D:4      | Noticed Crazy Yiuf
  2640 | D:4      | Found Ahonos's Distillery.
  2678 | D:4      | Killed Crazy Yiuf
  3060 | D:4      | Noticed Edmund
  3067 | D:4      | Reached skill level 5 in Dodging
  3078 | D:4      | Killed Edmund
  3448 | D:5      | Entered Level 5 of the Dungeon
  3465 | D:5      | Reached XP level 8. HP: 68/71 MP: 5/7
  3675 | D:5      | Found a runed translucent door.
  3678 | D:5      | Noticed Ijyb
  3681 | D:5      | Reached **** piety under Trog
  3692 | D:5      | Killed Ijyb
  3841 | D:5      | Noticed BigAl98's ghost (novice TrFi)
  3870 | D:5      | Killed BigAl98's ghost
  4124 | D:5      | Found an opulent altar of Gozag.
  4208 | D:5      | Found a glowing silver altar of Zin.
  4477 | D:6      | Reached XP level 9. HP: 73/81 MP: 6/8
  4551 | D:6      | Found a staircase to the Ecumenical Temple.
  4571 | D:6      | Noticed Jeremiah
  4727 | D:6      | Killed Jeremiah
  4945 | D:6      | Found a sacrificial altar of Ru.
  4945 | D:6      | Found an iron altar of Okawaru.
  5460 | D:7      | Found a white marble altar of Elyvilon.
  5703 | D:7      | Reached XP level 10. HP: 91/91 MP: 9/9
  6503 | D:8      | Found a sand-covered staircase.
  6511 | Ossuary  | Entered an ossuary
  6555 | Ossuary  | Reached ***** piety under Trog
  6632 | Ossuary  | Reached skill level 10 in Axes
  6693 | Ossuary  | Reached skill level 10 in Fighting
  7167 | D:8      | Reached skill level 10 in Armour
  7334 | D:9      | Found a staircase to the Lair.
  7348 | D:9      | Reached skill level 1 in Shields
  7376 | D:9      | Received a gift from Trog
  7521 | D:9      | Reached XP level 11. HP: 101/101 MP: 10/10
  8066 | D:10     | Entered Level 10 of the Dungeon
  8066 | D:10     | Found a flagged portal.
  8070 | D:10     | Identified the +2 hand axe "Zina" {heavy, Contam Will+
                  | SInv}
  8134 | Bailey   | Entered a bailey
  8140 | Bailey   | Noticed an orc warlord
  8215 | Bailey   | Found a runed translucent gate.
  8217 | Bailey   | Found a runed translucent gate.
  8218 | Bailey   | Found a runed translucent gate.
  8421 | Bailey   | Killed an orc warlord
  8437 | Bailey   | Gained mutation: You occasionally shout uncontrollably at
                  | your foes. [mutagenic glow]
  8454 | Bailey   | Acquired a manual of Shields
  8456 | Bailey   | Acquired 546 gold pieces
  8527 | D:10     | Reached skill level 10 in Dodging
  8858 | D:10     | Noticed Maggie
  8866 | D:10     | Killed Maggie
  8866 | D:10     | Noticed a two-headed ogre
  8869 | D:10     | Killed a two-headed ogre
  8870 | D:10     | Reached skill level 5 in Shields
  9544 | Lair:1   | Entered Level 1 of the Lair of Beasts
  9578 | Lair:1   | Reached XP level 12. HP: 82/112 MP: 7/11
  9657 | Lair:1   | Noticed a boulder beetle
  9684 | Lair:1   | Killed a boulder beetle
 10748 | Lair:2   | Received a gift from Trog
 10826 | Lair:2   | Found a staircase to the Shoals.
 10912 | Lair:2   | Reached skill level 10 in Shields
 10992 | Lair:2   | Noticed Urug
 10992 | Lair:2   | Noticed Amaemon
 11005 | Lair:2   | Killed Urug
 11006 | Lair:2   | Killed Amaemon
 11067 | Lair:2   | Reached XP level 13. HP: 113/122 MP: 12/12
 11986 | Lair:3   | Found a staircase to the Snake Pit.
 12448 | Lair:3   | Found a bloodstained altar of Trog.
 12696 | Lair:4   | Noticed Sonja
 12696 | Lair:4   | Noticed Snorg
 12711 | Lair:3   | Killed Snorg
 12777 | Lair:4   | Killed Sonja
 13180 | Lair:4   | Found a runed translucent gate.
 13180 | Lair:4   | Found a runed translucent gate.
 13180 | Lair:4   | Found a runed translucent gate.
 13180 | Lair:4   | Noticed an azure jelly
 13180 | Lair:4   | Noticed an azure jelly
 13181 | Lair:4   | Noticed an acid blob
 13181 | Lair:4   | Noticed an acid blob
 13181 | Lair:4   | Noticed Cesoluadot's ghost (journeyman DsFi)
 13181 | Lair:4   | Noticed an acid blob
 13182 | Lair:4   | Noticed an azure jelly
 13248 | Lair:4   | You fall into a shaft and drop 1 floor!
 13248 | Lair:5   | Entered Level 5 of the Lair of Beasts
 13268 | Lair:5   | Found a staircase to the Slime Pits.
 13684 | Lair:5   | Found a frozen archway.
 13690 | Lair:5   | Reached XP level 14. HP: 106/132 MP: 13/13
 13713 | IceCv    | Entered an ice cave
 14804 | IceCv    | Reached ****** piety under Trog
 14897 | IceCv    | Noticed a reaper
 14909 | IceCv    | Killed a reaper
 15294 | Lair:5   | Received a gift from Trog
 16592 | D:11     | Reached skill level 15 in Fighting
 16592 | D:11     | Reached skill level 15 in Shields
 16637 | D:11     | Reached skill level 15 in Axes
 17319 | D:12     | Identified the +2 spear "Kitieqeg" {flame, rN++}
 17577 | D:12     | Found a staircase to the Orcish Mines.
 17858 | D:12     | Reached skill level 15 in Armour
 18572 | D:13     | Found a gate to the Vaults.
 19039 | D:13     | Noticed Jorgrun
 19044 | D:13     | Killed Jorgrun
 19044 | D:13     | Identified the +4 executioner's axe of Light {heavy, rPois}
                  | (Trog gifted it to you on level 13 of the Dungeon)
 19044 | D:13     | Received a gift from Trog
 19119 | D:14     | Reached XP level 15. HP: 113/141 MP: 11/14
 19339 | D:14     | Identified the +4 scale mail of Lity {rC+ Str+2 Int-4}
 20058 | D:15     | Entered Level 15 of the Dungeon
 20378 | D:15     | Found a staircase to the Depths.
 20447 | D:15     | Noticed Kirke
 20451 | D:15     | Noticed a sphinx
 20451 | D:15     | Killed Kirke
 20740 | Orc:1    | Entered Level 1 of the Orcish Mines
 20740 | Orc:1    | Noticed Josephine
 20744 | Orc:1    | Killed Josephine
 20916 | Orc:2    | Entered Level 2 of the Orcish Mines
 21026 | Orc:2    | Found a staircase to the Elven Halls.
 21033 | Orc:2    | Noticed Rupert
 21045 | Orc:2    | Killed Rupert
 21059 | Orc:2    | Noticed Saint Roka
 21066 | Orc:2    | Found Xoziboji's Antique Armour Shoppe.
 21208 | Orc:2    | Found a gate leading to a gauntlet.
 21223 | Gauntlet | Entered a Gauntlet
 21223 | Gauntlet | Found a transporter.
 21359 | Gauntlet | Found a transporter.
 21372 | Gauntlet | Found a transporter.
 21394 | Gauntlet | Found a transporter.
 21413 | Gauntlet | Found a transporter.
 21422 | Gauntlet | Found a transporter.
 21432 | Gauntlet | Found a transporter.
 21446 | Gauntlet | Found a transporter.
 21468 | Gauntlet | Found a transporter.
 21481 | Gauntlet | Found a transporter.
 21497 | Gauntlet | Found a transporter.
 21512 | Gauntlet | Found a transporter.
 21559 | Gauntlet | Received a gift from Trog
 21572 | Gauntlet | Identified the amulet of Typsy {Reflect rCorr Str+3 SH+5}
 21624 | Gauntlet | Found a transporter.
 21642 | Gauntlet | Found a transporter.
 21658 | Gauntlet | Identified the amulet of Kicesoi {RegenMP Dex+4}
 21743 | Gauntlet | Identified the +1 pair of gloves of the Moon Troll {rElec
                  | rPois Str-5}
 21817 | Gauntlet | Identified the staff of Zealous Judgement {rElec rC+ Dex+4
                  | Air}
 22116 | Orc:2    | Found Kesomutz's Assorted Antiques.
 22117 | Orc:2    | Found Igank's Armour Shoppe.
 22118 | Orc:2    | Found Bucloqi's Antique Armour Shoppe.
 22121 | Orc:2    | Found Kiowniaj's General Store.
 22221 | Orc:2    | Killed Saint Roka
 22640 | Orc:2    | Received a gift from Trog
 23347 | Depths:1 | Entered Level 1 of the Depths
 23642 | Snake:1  | Entered Level 1 of the Snake Pit
 24248 | Snake:1  | Reached XP level 16. HP: 148/152 MP: 15/15
 24275 | Snake:1  | Reached skill level 15 in Dodging
 25710 | Snake:2  | Received a gift from Trog
 25927 | Snake:2  | Lost mutation: You occasionally shout uncontrollably at
                  | your foes. [potion of mutation]
 25927 | Snake:2  | Gained mutation: Your mind is acute. (Int +4, Str/Dex -1)
                  | [potion of mutation]
 25927 | Snake:2  | Gained mutation: You possess an exceptional clarity of
                  | mind. [potion of mutation]
 26731 | Snake:3  | Received a gift from Trog
 26926 | Snake:3  | Found Cioh's General Store.
 26932 | Snake:3  | Found Kiett's Magic Scroll Shop.
 26932 | Snake:3  | Found Haret's Weapon Boutique.
 26935 | Snake:3  | Found Kosacum's General Store.
 27580 | Snake:4  | Entered Level 4 of the Snake Pit
 28014 | Snake:4  | Reached XP level 17. HP: 160/163 MP: 16/16
 28240 | Snake:4  | Received a gift from Trog
 28523 | Snake:4  | Got a serpentine rune of Zot
 28622 | Snake:4  | Found Ceasut's Book Emporium.
 28688 | Snake:4  | Bought a manual of Dodging for 1200 gold pieces
 29280 | Shoals:1 | Entered Level 1 of the Shoals
 30382 | Shoals:2 | Found Dogh's Weapon Boutique.
 31279 | Shoals:3 | Noticed Louise
 31281 | Shoals:3 | Found a runed translucent door.
 31295 | Shoals:3 | Killed Louise
 31296 | Shoals:3 | Noticed Graknight's ghost (adept MiBe)
 31426 | Shoals:3 | Identified the +5 broad axe "Susotibe" {flame, Drain rC++
                  | rN+++ Str+3} (Trog gifted it to you on level 3 of the
                  | Shoals)
 31426 | Shoals:3 | Received a gift from Trog
 31590 | Shoals:3 | Reached XP level 18. HP: 144/174 MP: 17/17
 31838 | Shoals:3 | Killed Graknight's ghost
 31916 | Shoals:3 | Identified the +2 leather armour of the Charming Gods {rC+
                  | Will+ Regen+}
 32502 | Shoals:4 | Entered Level 4 of the Shoals
 32502 | Shoals:4 | Found Wenkoen's Antique Weapon Shop.
 32519 | Shoals:4 | Received a gift from Trog
 32606 | Shoals:4 | Noticed Ilsuiw
 32654 | Shoals:4 | Killed Ilsuiw
 33348 | Shoals:4 | Got a barnacled rune of Zot
 33526 | Shoals:4 | Received a gift from Trog
 33600 | Shoals:4 | Identified the +5 ring mail of the Guild-Master {rElec}
 34043 | Vaults:1 | Entered Level 1 of the Vaults
 34561 | Vaults:1 | Found Pawiru Ifaf's Armour Emporium.
 34568 | Vaults:1 | Bought the +3 pair of gloves of the Well-Known Violins
                  | {Will++ Regen+ Int-4 Dex-5} for 259 gold pieces
 34638 | Vaults:1 | Received a gift from Trog
 34688 | Vaults:1 | Reached XP level 19. HP: 184/184 MP: 18/18
 35730 | Vaults:2 | Identified the +11 arbalest of Domination {freeze, MP-9
                  | Dex+4}
 35789 | Vaults:2 | Received a gift from Trog
 35917 | Vaults:2 | Noticed Mennas
 36011 | Vaults:2 | Killed Mennas
 36769 | Vaults:2 | Found a staircase to the Crypt.
 36773 | Vaults:2 | Received a gift from Trog
 37231 | Snake:3  | Bought a scroll of brand weapon for 171 gold pieces
 38544 | Vaults:3 | Reached XP level 20. HP: 192/195 MP: 19/19
 38683 | Vaults:3 | Received a gift from Trog
 39136 | Vaults:3 | Noticed Nikola
 39156 | Vaults:3 | Killed Nikola
 40100 | Vaults:4 | Identified the +9 plate armour of the Hurricane {rElec rC+}
 40495 | Vaults:4 | Identified the +6 whip of Sulphur {heavy, Fragile rC+ Will+
                  | rCorr}
 40564 | Vaults:4 | Identified the +5 rapier of Bajuj {elec, Will+ Dex+2}
 40783 | Vaults:5 | Entered Level 5 of the Vaults
 40788 | Vaults:5 | Received a gift from Trog
 41567 | Vaults:5 | Noticed a golden dragon
 41589 | Vaults:5 | Killed a golden dragon
 41591 | Vaults:5 | Reached XP level 21. HP: 206/206 MP: 9/20
 41604 | Vaults:5 | Identified the +4 mace "Ejick" {flame, Dex+4 SInv}
 41652 | Vaults:5 | HP: 10/206 [titan/the air (7)]
 42081 | Orc:2    | Bought a scroll of blinking for 97 gold pieces
 42081 | Orc:2    | Bought a scroll of enchant armour for 97 gold pieces
 42082 | Orc:2    | Bought a scroll of enchant armour for 247 gold pieces
 42425 | Snake:3  | Bought a scroll of blinking for 127 gold pieces
 42431 | Snake:3  | Bought a potion of heal wounds for 55 gold pieces
 42431 | Snake:3  | Bought a scroll of teleportation for 33 gold pieces
 42435 | Snake:3  | Bought a scroll of teleportation for 54 gold pieces
 42438 | Snake:3  | Bought a potion of might for 44 gold pieces
 42750 | D:4      | Bought a potion of heal wounds for 65 gold pieces
 42750 | D:4      | Bought a potion of curing for 39 gold pieces
 42750 | D:4      | Bought a potion of curing for 39 gold pieces
 42750 | D:4      | Bought a potion of curing for 39 gold pieces
 43098 | Vaults:5 | Received a gift from Trog
 43432 | Vaults:5 | Noticed a golden dragon
 43700 | Vaults:4 | Killed a golden dragon
 43887 | Vaults:5 | Noticed a golden dragon
 43888 | Vaults:5 | Paralysed by a sphinx for 3 turns
 44258 | Vaults:4 | Paralysed by a sphinx for 4 turns
 44367 | Vaults:4 | Killed a golden dragon
 44522 | Vaults:5 | Noticed an ancient lich
 44549 | Vaults:4 | Killed an ancient lich
 45005 | Vaults:5 | Found the ring of the Tortoise {AC+8}
 45012 | Vaults:5 | Identified the amulet "Keuged" {Spirit rPois rN+ Int+5}
 45118 | Vaults:5 | Found Fujijoapp's Jewellery Shop.
 45137 | Vaults:5 | Got a silver rune of Zot
 45284 | Vaults:5 | Identified the +7 rapier of Irksome Courage {freeze,
                  | *Corrode Int+8}
 45304 | Vaults:5 | Found Haulifel's Magic Scroll Shop.
 45309 | Vaults:5 | Bought a scroll of fear for 44 gold pieces
 45309 | Vaults:5 | Bought a scroll of fear for 44 gold pieces
 45309 | Vaults:5 | Bought a scroll of fear for 44 gold pieces
 45309 | Vaults:5 | Bought a scroll of revelation for 82 gold pieces
 45309 | Vaults:5 | Bought a scroll of teleportation for 33 gold pieces
 45309 | Vaults:5 | Bought a scroll of teleportation for 33 gold pieces
 45352 | Vaults:5 | Identified the +0 scale mail of the Baku {rF+ Int+2}
 45928 | Crypt:1  | Entered Level 1 of the Crypt
 45943 | Crypt:1  | Received a gift from Trog
 46134 | Crypt:1  | Found a transporter.
 46232 | Crypt:1  | Found a transporter.
 46303 | Crypt:1  | Noticed an ancient lich
 46316 | Crypt:1  | Killed an ancient lich
 46371 | Crypt:1  | Identified the ring of Buofofua {rPois Will+ MP+9 Dex+3}
 46380 | Crypt:1  | Identified the ring of Faeb {rElec rF++ rC+ Str+3 Int-3}
 46537 | Crypt:2  | Received a gift from Trog
 46856 | Crypt:2  | Reached XP level 22. HP: 184/217 MP: 21/21
 47474 | Crypt:3  | Entered Level 3 of the Crypt
 47480 | Crypt:3  | Noticed Boris
 47496 | Crypt:3  | Killed Boris
 47511 | Crypt:3  | Noticed Xtahua
 47512 | Crypt:3  | Paralysed by Xtahua for 2 turns
 47891 | Crypt:3  | Found a magical portal.
 47906 | WizLab   | Entered Wucad Mu's Monastery
 48109 | WizLab   | Found the crystal ball of Wucad Mu {*channel}
 48187 | WizLab   | Reached XP level 23. HP: 225/225 MP: 22/22
 48332 | Crypt:3  | Noticed Khufu
 48335 | Crypt:3  | Noticed a royal mummy
 48343 | Crypt:3  | Noticed a royal mummy
 48353 | Crypt:3  | Killed Khufu
 48359 | Crypt:3  | Killed a royal mummy
 48359 | Crypt:3  | Received a gift from Trog
 48368 | Crypt:3  | Killed a royal mummy
 48741 | Crypt:3  | Identified the +1 short sword "Reucvog" {vamp, rF+ Str+5
                  | Dex+3}
 48932 | Crypt:3  | Noticed Gathuos's ghost (adept OpEE)
 48989 | Crypt:3  | Killed Xtahua
 48999 | Crypt:3  | Noticed a curse toe
 49014 | Crypt:3  | Killed a curse toe
 49127 | Crypt:3  | Found a staircase to the Tomb.
 49162 | Crypt:3  | Reached skill level 1 in Stealth
 49668 | Crypt:3  | Found a transporter.
 49668 | Crypt:3  | Found a transporter.
 49686 | Crypt:3  | Noticed Datograv's ghost (adept NaAE)
 49852 | Crypt:3  | Noticed an ancient lich
 49852 | Crypt:3  | Noticed an ancient lich
 49857 | Crypt:3  | Noticed a dread lich
 49857 | Crypt:3  | Noticed an ancient lich
 49865 | Crypt:3  | Killed an ancient lich
 49875 | Crypt:3  | Received a gift from Trog
 49878 | Crypt:3  | Killed an ancient lich
 49878 | Crypt:3  | Killed an ancient lich
 49890 | Crypt:3  | Killed a dread lich
 49967 | Crypt:3  | Identified the +6 spear of Precise Incision {freeze, rF+
                  | rC+}
 49968 | Crypt:3  | Identified the +7 dire flail of the Lusting Seeker {freeze,
                  | Int+3}
 50512 | Slime:1  | Entered Level 1 of the Pits of Slime
 50934 | Slime:2  | Gained mutation: You occasionally shout uncontrollably at
                  | your foes. [a shining eye]
 50938 | Slime:2  | Gained mutation: Armour fits poorly on your strangely
                  | shaped body. [a shining eye]
 50954 | Slime:2  | Gained mutation: Your body sometimes deteriorates upon
                  | taking damage. [a shining eye]
 51401 | Slime:3  | Gained mutation: Your body often deteriorates upon taking
                  | damage. [a shining eye]
 51403 | Slime:3  | Gained mutation: Your magical capacity is low. (-10% MP) [a
                  | shining eye]
 51404 | Slime:3  | Gained mutation: You have hidden genetic potential. [a
                  | shining eye]
 51462 | Slime:4  | Noticed Dissolution
 51470 | Slime:4  | Killed Dissolution
 51693 | Slime:4  | Received a gift from Trog
 52275 | Slime:5  | Entered Level 5 of the Pits of Slime
 52301 | Slime:5  | Gained mutation: You are vulnerable to heat. (rF-) [a
                  | shining eye]
 52308 | Slime:5  | Lost mutation: You have hidden genetic potential. [a
                  | shining eye]
 52904 | Slime:5  | Reached XP level 24. HP: 238/238 MP: 15/19
 53184 | Slime:5  | Noticed the Royal Jelly
 53205 | Slime:5  | Killed the Royal Jelly
 53605 | Slime:5  | Got a slimy rune of Zot
 53724 | Slime:5  | Acquired 1218 gold pieces
 53744 | Slime:5  | Identified the +5 shortbow "Kyulu" {flame, SInv}
 53746 | Slime:5  | Identified the +1 ring mail "Raleax" {rF- Slay+5}
 54365 | Lair:4   | Killed Cesoluadot's ghost
 55077 | Depths:1 | Found a broken altar of Ashenzari.
 55276 | Depths:1 | Received a gift from Trog
 55716 | Depths:1 | Found a one-way gate leading to the halls of Pandemonium.
 56279 | Depths:1 | Found a gateway to Hell.
 56650 | Hell     | Entered the Vestibule of Hell
 56651 | Hell     | Noticed Geryon
 57587 | Depths:1 | Found a hazy altar of Hepliaklqana.
 58380 | Depths:2 | Identified the +4 hand axe "Piamov Ceci" {heavy, Drain
                  | rElec Str+4 Stlth+} (Trog gifted it to you on level 2 of
                  | the Depths)
 58380 | Depths:2 | Received a gift from Trog
 58437 | Depths:2 | Noticed a juggernaut
 58445 | Depths:2 | Killed a juggernaut
 58684 | Depths:2 | Noticed a juggernaut
 58702 | Depths:2 | Killed a juggernaut
 58897 | Depths:2 | Noticed Boris
 58908 | Depths:2 | Killed Boris
 59167 | Depths:2 | Identified the +0 leather armour "Ofraag" {Regen+}
 59533 | Depths:2 | Found Zyta's Antique Armour Boutique.
 59550 | Depths:2 | Reached XP level 25. HP: 233/253 MP: 14/19
 59741 | Depths:2 | Found the +2 Maxwell's thermic engine {flame, freeze, rev}
 60131 | Depths:2 | Received a gift from Trog
 60508 | Depths:2 | Found a glowing golden altar of the Shining One.
 63188 | Depths:3 | Found a one-way gateway to a ziggurat.
 63788 | Depths:3 | Found a one-way gate to the infinite horrors of the Abyss.
 64006 | Depths:3 | Received a gift from Trog
 64084 | Depths:3 | Found a bloodstained altar of Trog.
 64200 | Depths:3 | Found an iron altar of Okawaru.
 64279 | Depths:3 | Noticed a juggernaut
 64291 | Depths:3 | Killed a juggernaut
 64471 | Depths:3 | You fall into a shaft and drop 1 floor!
 64471 | Depths:4 | Entered Level 4 of the Depths
 65400 | Depths:4 | Identified the +6 sling "Demonbane" {heavy, Dex+3}
 65461 | Depths:4 | Found a gate to the Realm of Zot.
 65665 | Zot:1    | Entered Level 1 of the Realm of Zot
 65740 | Depths:4 | Found Nyadyc's Jewellery Shop.
 65741 | Depths:4 | Found Weilev's Jewellery Shop.
 65741 | Depths:4 | Found Quuciawn's Book Shoppe.
 65959 | Depths:4 | Received a gift from Trog
 67282 | Hell     | Killed Geryon
 67388 | Hell     | Found a gateway to the ashen valley of Gehenna.
 67409 | Hell     | Reached skill level 1 in Evocations
 67417 | Hell     | Received a gift from Trog
 67418 | Hell     | Reached XP level 26. HP: 181/264 MP: 0/19
 67644 | Hell     | Found a gateway to the freezing wastes of Cocytus.
 67695 | Hell     | Found a gateway to the decaying netherworld of Tartarus.
 67875 | Hell     | Found a gateway to the Iron City of Dis.
 68364 | Depths:3 | Voluntarily entered the Abyss.
 68431 | Abyss:1  | Found a broken altar of Ashenzari.
 68444 | Abyss:1  | Found a broken altar of Ashenzari.
 68636 | Abyss:1  | Reached skill level 27 in Fighting
 68783 | Abyss:1  | Gained mutation: You are occasionally teleported next to
                  | monsters. [a neqoxec]
 68786 | Abyss:1  | Gained mutation: You do not regenerate when monsters are
                  | visible. [a neqoxec]
 69032 | Abyss:1  | Gained mutation: You are clumsy. (Dex -2) [a neqoxec]
 69216 | Abyss:1  | Received a gift from Trog
 69474 | Abyss:1  | Gained mutation: Your magical capacity is very low. (-20%
                  | MP) [a neqoxec]
 69943 | Abyss:2  | Found a corrupted altar of Lugonu.
 70102 | Abyss:2  | Found a corrupted altar of Lugonu.
 70102 | Abyss:2  | Lost mutation: Your body often deteriorates upon taking
                  | damage. [a neqoxec]
 70137 | Abyss:2  | Received a gift from Trog
 70341 | Abyss:2  | Found a corrupted altar of Lugonu.
 70584 | Abyss:2  | Found a corrupted altar of Lugonu.
 70714 | Abyss:2  | Noticed a dread lich
 70761 | Abyss:3  | Killed a dread lich
 70811 | Abyss:3  | Reached skill level 5 in Evocations
 70889 | Abyss:4  | Found a corrupted altar of Lugonu.
 70924 | Abyss:4  | Upgraded the game from 0.31-a0-1059-g83d41fd8b6 to
                  | 0.31-a0-1066-g35875b34c7
 71034 | Abyss:4  | Paralysed by accursed screaming for 1 turns
 71041 | Abyss:4  | Paralysed by accursed screaming for 1 turns
 71050 | Abyss:4  | Got an abyssal rune of Zot
 71235 | Abyss:4  | Received a gift from Trog
 71291 | Depths:3 | Escaped the Abyss
 71702 | Depths:3 | Lost mutation: Your mind is acute. (Int +4, Str/Dex -1)
                  | [potion of mutation]
 71702 | Depths:3 | Lost mutation: Your magical capacity is very low. (-20% MP)
                  | [potion of mutation]
 71702 | Depths:3 | Lost mutation: You are clumsy. (Dex -2) [potion of
                  | mutation]
 71702 | Depths:3 | Lost mutation: You are occasionally teleported next to
                  | monsters. [potion of mutation]
 71703 | Depths:3 | Lost mutation: You are vulnerable to heat. (rF-) [potion of
                  | mutation]
 71703 | Depths:3 | Lost mutation: Armour fits poorly on your strangely shaped
                  | body. [potion of mutation]
 71703 | Depths:3 | Gained mutation: Your muscles are strong. (Str +4, Int/Dex
                  | -1) [potion of mutation]
 71705 | Depths:3 | Lost mutation: You frequently scream uncontrollably at your
                  | foes. [potion of mutation]
 71705 | Depths:3 | Lost mutation: Your magical capacity is low. (-10% MP)
                  | [potion of mutation]
 71705 | Depths:3 | Gained mutation: You are somewhat resistant to further
                  | mutation. [potion of mutation]
 71705 | Depths:3 | Gained mutation: Your system is resistant to poisons.
                  | (rPois) [potion of mutation]
 71706 | Depths:3 | Lost mutation: Your muscles are strong. (Str +4, Int/Dex
                  | -1) [potion of mutation]
 71706 | Depths:3 | Lost mutation: You possess an exceptional clarity of mind.
                  | [potion of mutation]
 71707 | Depths:3 | Lost mutation: You are somewhat resistant to further
                  | mutation. [potion of mutation]
 71707 | Depths:3 | Lost mutation: Your body sometimes deteriorates upon taking
                  | damage. [potion of mutation]
 71707 | Depths:3 | Gained mutation: You have sharp toenails. [potion of
                  | mutation]
 71707 | Depths:3 | Gained mutation: You frequently scream uncontrollably at
                  | your foes. [potion of mutation]
 71707 | Depths:3 | Lost mutation: Your system is resistant to poisons. (rPois)
                  | [potion of mutation]
 71708 | Depths:3 | Lost mutation: You have sharp toenails. [potion of
                  | mutation]
 71708 | Depths:3 | Lost mutation: You do not regenerate when monsters are
                  | visible. [potion of mutation]
 71708 | Depths:3 | Gained mutation: You are extremely frail. (-30% HP) [potion
                  | of mutation]
 71708 | Depths:3 | Lost mutation: You are extremely frail. (-30% HP) [potion
                  | of mutation]
 71708 | Depths:3 | Gained mutation: You have sharp toenails. [potion of
                  | mutation]
 71976 | Elf:1    | Entered Level 1 of the Elven Halls
 72096 | Elf:1    | Reached skill level 27 in Axes
 72331 | Elf:1    | Received a gift from Trog
 72691 | Elf:1    | Identified the amulet "Nyufiet" {Reflect Int+6 SH+5}
 72698 | Elf:1    | Found a runed translucent door.
 73204 | Elf:1    | Noticed AceOff's ghost (journeyman MiFi)
 73213 | Elf:1    | Killed AceOff's ghost
 73406 | Elf:2    | Found Hiczires's Weapon Boutique.
 73543 | Elf:2    | Noticed Norris
 73558 | Elf:2    | Killed Norris
 73942 | Elf:2    | Found a runed translucent gate.
 73968 | Elf:2    | Found a runed translucent gate.
 73968 | Elf:2    | Found a runed translucent gate.
 73999 | Elf:2    | Reached XP level 27. HP: 273/273 MP: 19/22
 74102 | Elf:2    | Received a gift from Trog
 74534 | Elf:3    | Entered Level 3 of the Elven Halls
 75067 | Elf:3    | Received a gift from Trog
 75504 | Elf:3    | Received a gift from Trog
 75750 | Elf:3    | Identified the staff "Miniaj" {Dex+3 SInv Conj}
 75998 | Elf:3    | Reached skill level 27 in Armour
 76168 | Elf:3    | Identified the +9 trident of Optimality {antimagic, rN+}
 76196 | Abyss:4  | Cast into level 4 of the Abyss (a deep elf sorcerer)
 76241 | Abyss:4  | Found a corrupted altar of Lugonu.
 76262 | Abyss:4  | Found a corrupted altar of Lugonu.
 76262 | Abyss:4  | Found a corrupted altar of Lugonu.
 76319 | Abyss:4  | Found a corrupted altar of Lugonu.
 76362 | Abyss:4  | Reached skill level 27 in Shields
 76493 | Abyss:4  | Lost intelligence.
 76582 | Abyss:4  | Received a gift from Trog
 76598 | Abyss:4  | Found a corrupted altar of Lugonu.
 76601 | Elf:3    | Escaped the Abyss
 76613 | Elf:3    | Reached skill level 27 in Dodging
 76923 | Elf:3    | Identified the ring "Loisuega" {Fly rPois rF+ Slay+3}
 76926 | Elf:3    | Identified the ring of Seyr {Wiz rF+ Str+2}
 77255 | Elf:3    | Identified the staff of the Fae God {rPois rF+ MP+9 SInv
                  | Fire}
 77273 | Elf:3    | Identified the +4 battleaxe of Distant Worlds {elec, rCorr
                  | Dex+4 Stlth-}
 77302 | Abyss:4  | Cast into level 4 of the Abyss (a deep elf demonologist)
 77359 | Abyss:4  | Paralysed by accursed screaming for 2 turns
 77592 | Abyss:4  | Reached skill level 5 in Stealth
 77593 | Abyss:4  | Identified the +8 hand axe of the Dead {heavy, SInv} (Trog
                  | gifted it to you on level 4 of the Abyss)
 77593 | Abyss:4  | Received a gift from Trog
 77601 | Abyss:4  | Found a corrupted altar of Lugonu.
 77605 | Elf:3    | Escaped the Abyss
 78068 | Elf:3    | Identified the staff of Tenacity {rF+ rC+ Will+ Int-5 Fire}
 78071 | Elf:3    | Acquired a manual of Long Blades
 78182 | Elf:3    | Identified the staff "Bakuppou" {+Blink rPois rN+ Int-2
                  | SInv Necro}
 78608 | Geh:1    | Entered Level 1 of Gehenna
 80052 | Geh:4    | Received a gift from Trog
 81130 | Geh:6    | Received a gift from Trog
 81847 | Geh:7    | Entered Level 7 of Gehenna
 82836 | Geh:7    | Noticed the Serpent of Hell
 82866 | Geh:7    | Killed the Serpent of Hell
 82867 | Geh:7    | Reached skill level 10 in Evocations
 83699 | Geh:7    | Reached skill level 10 in Stealth
 84890 | Geh:7    | Identified the +9 flail of the Foremost Tusks {chaos,
                  | Fragile rElec rC+++ Stlth+}
 85293 | Geh:7    | Found the +13 sceptre of Asmodeus
 85293 | Geh:7    | Noticed Asmodeus
 85313 | Geh:7    | Received a gift from Trog
 85327 | Geh:7    | Killed Asmodeus
 85443 | Geh:7    | Got an obsidian rune of Zot
 85704 | Coc:1    | Entered Level 1 of Cocytus
 87035 | Coc:3    | Received a gift from Trog
 87329 | Coc:4    | Lost intelligence.
 87348 | Coc:4    | Paralysed by a wendigo for 1 turns
 87382 | Coc:4    | Killed from afar by an elemental wellspring

Illustrated notes

Levels and vault maps discovered:
D:1:      dpeg_arrival_pits, layout_basic
D:2:      layout_loops_ring, minmay_puff, uniq_sigmund, uniq_natasha
D:3:      layout_basic, hellmonk_ecumenical_altar_defaced_shrine,
          minmay_misc_feat_columns, chequers_mini_garden
D:4:      layout_loops_ring, serial_shops, shop, minivault_14, uniq_edmund,
          uniq_crazy_yiuf_cottage
D:5:      layout_loops_ring, pdpol_temple_overflow_zin_treasury_gozag_greed,
          hellmonk_ghost_happy_afterlife, uniq_ijyb
D:6:      layout_loops_ring, nicolae_overflow_two_pavilions,
          minmay_temple_entry_butterflies, uniq_jeremiah
D:7:      layout_rooms, mainiacjoe_overflow_24_doors, grunt_ministairs_12,
          dk_noncrumbling_2
D:8:      layout_loops_cross, nicolae_ossuary_entry_ruins, minmay_manual_maat
D:9:      layout_basic, due_lair_maze_entry_diamond
D:10:     layout_loops_corners, enter_bailey_2, uniq_maggie
D:11:     layout_stronghold
D:12:     layout_basic, orc_0_dummy
D:13:     layout_basic, david_vaults_1, uniq_jorgrun
D:14:     layout_gridville, hangedman_abyss_or_decor_lesser_grid
D:15:     hangedman_depths_entry_civil_slaughter, layout_gridville,
          minmay_misc_feat_ornament, uniq_kirke
Lair:1:   layout_small_grid, cheibrodos_lair_lostbears, serial_bayou_shore_a
Lair:2:   layout_cellular_growth, elwin_shoals_entry_rooms,
          serial_bayou_shore_b, uniq_amaemon, uniq_urug
Lair:3:   layout_gridlike, minmay_snake_entry_guardpost_small, basic_altar,
          infiniplex_staircase_pool_2, serial_bayou_shore_b
Lair:4:   layout_regular_city, serial_forest, infiniplex_forest_lined_room_2,
          infiniplex_forest_straight_3, infiniplex_forest_lined_room_2,
          infiniplex_forest_lined_4_way, infiniplex_forest_zigzag_2,
          infiniplex_forest_straight_2, infiniplex_forest_clump_cross,
          infiniplex_forest_clump_small, gammafunk_ghost_ooze,
          infiniplex_staircase_pool, uniq_sonja, uniq_snorg
Lair:5:   gammafunk_lair_ancient_temple, layout_regular_city,
          minmay_slime_entry_pillars, portal_ice_cave_entry_ice_simulacra
Shoals:1: layout_shoals
Shoals:2: layout_shoals, serial_shops, nicolae_shop_back_alley_shop
Shoals:3: layout_shoals, gammafunk_ghost_grave, uniq_louise
Shoals:4: shoals_end_grunt_ice, layout_shoals, shoals_ilsuiw_ice, serial_shops,
          shop
Snake:1:  layout_basic, nicolae_snake_salamander_stairs
Snake:2:  layout_onion
Snake:3:  layout_gridlike, minmay_shoptagon
Snake:4:  grunt_snake_rune_serpentine_throne, layout_misc_corridors,
          serial_shops, shop, drop_trap, serial_bayou_pond_d, lemuel_fruit_tree
Slime:1:  layout_caves
Slime:2:  layout_caves
Slime:3:  layout_caves, nicolae_slime_barrier
Slime:4:  layout_caves, dissolution_awaits
Slime:5:  slime_pit_nicolae_inversion
Orc:1:    layout_caves, uniq_josephine
Orc:2:    st_orc_mages, layout_caves, serial_shops, shop_fountains,
          gauntlet_entry_generic, uniq_rupert, uniq_saint_roka
Elf:1:    eino_elf_arrival_customs, layout_geoelf_octagon,
          ebering_ghost_reflecting_pool, minmay_elf_sorcery
Elf:2:    nicolae_elf_blades_splatter_lattice [mumra_blade_entry_bloodbath],
          layout_geoelf_octagon, serial_shops,
          nicolae_shop_bloodbath_and_beyond, uniq_norris
Elf:3:    minmay_elf_hall_dome, layout_onion_city,
          nicolae_elf_vaults_five_recruitment_drive
Vaults:1: v_alt_pattern_1, nicolae_vaults_little_squares_4,
          hangedman_vaults_slither, serial_library_regret_index_small_wings,
          nicolae_vaults_tetromino_T_1, nicolae_vaults_what_the_h,
          vaults_mumra_hex, vaults_room_stairs_pillars, nicolae_vaults_heist,
          nicolae_vaults_little_ls, v_alt_pattern_1,
          nicolae_vaults_tetromino_L_1, layout_vaults_omnicross, serial_shops,
          shop
Vaults:2: vaults_mumra_hexcomb, nicolae_vaults_tangram_1, v_misc_22,
          nicolae_vaults_prndl, vaults_mumra_lcd, hangedman_vaults_nails,
          dpeg_vaults_waves, ontoclasm_vaults_hangar, ontoclasm_vaults_twist,
          nicolae_vaults_yaktaur_gun_rack, hangedman_vaults_unwind,
          v_alt_pattern_6, blue_anna_dwarven_crypt, hangedman_vaults_stream,
          nicolae_vaults_asterisk, nicolae_vaults_trapezoid_lopsided_1,
          vaults_dpeg_hooks, nicolae_vaults_oval_intersection,
          layout_vaults_omnibox, serial_glass, uniq_mennas
Vaults:3: nicolae_vaults_offset_grid_hallway_1,
          nicolae_vaults_antechamber_and_loot_room, nicolae_vaults_house_2,
          nicolae_vaults_tetromino_Z_2, vaults_room_hallway,
          nicolae_vaults_apartment_1, layout_vaults_omnigrid, uniq_nikola
Vaults:4: grunt_vaults_funnel, vaults_room_door_hall, vaults_room_boxed,
          hangedman_vaults_stagger, vaults_dpeg_diagonal, vaults_room_octagon,
          v_alt_pattern_4, nicolae_vaults_more_shelving_1, vaults_room_pools,
          nicolae_vaults_surprise_closet, nicolae_vaults_house_3,
          layout_vaults_big_room
Vaults:5
Crypt:1:  gammafunk_its_a_trap, layout_rooms, grunt_crypt_arrival_webbed
Crypt:2:  layout_misc_corridors
Crypt:3:  david_glass_crypt, layout_misc_corridors,
          nicolae_tomb_entry_unfolded_pyramid_orthogonal, nzn_ghost_randoct,
          infiniplex_enter_wizlab_water, serial_sigils_hangedman_snap,
          minivault_25, uniq_khufu, uniq_boris, uniq_xtahua
Depths:1: minmay_angry_zag, layout_gridlike, rand_demon_pan_entry_7,
          nicolae_ashenzari_panopticon, grunt_hell_entry_dis_grunt,
          nicolae_hepliaklqana_hazy_memory
Depths:2: angbandy_vault, layout_long_grid, hellmouth_1, rand_demon_pan_entry_9,
          tso_metal_star, serial_bayou_shore_b, infiniplex_staircase_spiral,
          minmay_shop_star
Depths:3: minmay_swirls_squares, layout_cave_shapes, enter_ziggurat_c,
          abyss_entry_crystal, okawaru_trees_1, hell_entry, tgw_trog
Depths:4: grunt_twist_and_shout, layout_basic, grunt_hell_horde, pan_entry,
          minmay_shop_grove
Hell
Geh:1:    layout_gehenna_pools_triple
Geh:2:    layout_gehenna_lava_caves
Geh:3:    layout_gehenna_pools_basic
Geh:4:    layout_gehenna_lava_caves
Geh:5:    layout_gehenna_pools_box
Geh:6:    layout_gehenna_pools_basic
Geh:7:    geh_old
Coc:1:    nicolae_coc_icebeans_plural [nicolae_sub_coc_subbean,
          nicolae_sub_coc_subbean, nicolae_sub_coc_subbean,
          nicolae_sub_coc_subbean], layout_cocytus_delve,
          nicolae_coc_icebean_singular [nicolae_sub_coc_subbean]
Coc:2:    layout_ice_bergs
Coc:3:    nicolae_hells_giants_party, layout_cocytus_delve
Coc:4:    layout_cocytus_water_paths
Zot:1:    layout_misc_corridors

Skill      XL: |  1  2  3  4  5  6  7  8  9 10 11 12 13 14 15 16 17 18 19 20 21 22 23 24 25 26 27 |
---------------+----------------------------------------------------------------------------------+-----
Axes           | 4 5 6 8 9 10 11 13 14 15 16 17 18 19 20 21 22 23 24 25 27 | 27.0
Fighting       | 4 5 6 7 9 10 11 13 14 15 16 17 18 19 20 21 22 24 26 27 | 27.0
Armour         | 3 4 5 6 7 9 10 11 12 14 15 16 17 18 19 20 21 22 23 24 25 26 27 | 27.0
Dodging        | 3 4 5 6 8 9 10 11 12 14 15 17 18 20 21 22 23 24 25 27 | 27.0
Shields        | 2 7 11 13 15 16 17 18 19 20 21 22 23 24 25 26 27 | 27.0
Stealth        | 3 12 | 12.6
Evocations     | 1 5 13 | 13.2

Action                     |  1- 3 |  4- 6 |  7- 9 | 10-12 | 13-15 | 16-18 | 19-21 | 22-24 | 25-27 || total
---------------------------+-------+-------+-------+-------+-------+-------+-------+-------+-------++-------
  Melee: Hand axe          |    72 |   124 |   259 |   303 |       |       |       |       |       ||   758
         Headbutt          |    12 |    14 |    56 |   145 |   196 |   311 |   401 |   348 |   787 ||  2270
         Punch             |       |       |     3 |       |       |       |       |       |       ||     3
         Broad axe         |       |       |       |   233 |   882 |  1422 |  1419 |  1134 |  2640 ||  7730
 Invoke: Berserk           |       |       |     5 |     6 |    18 |     9 |    16 |    11 |    15 ||    80
         Trog's Hand       |       |       |       |     1 |     1 |       |     4 |       |     5 ||    11
         Brothers in Arms  |       |       |       |       |       |       |     1 |       |     1 ||     2
  Evoke: Wand              |       |       |       |       |       |       |       |       |     1 ||     1
         Horn of Geryon    |       |       |       |       |       |       |       |       |     1 ||     1
    Use: Scroll            |       |     4 |     2 |     9 |    15 |     7 |     6 |     5 |     1 ||    49
         Potion            |       |       |       |       |       |     2 |     2 |     1 |    14 ||    19
   Stab: Confused          |       |       |       |       |     1 |       |       |       |       ||     1
         Distracted        |       |       |       |       |       |       |       |       |     4 ||     4
 Armour: Ring mail         |    15 |       |       |       |       |       |       |       |       ||    15
         Animal skin       |     1 |       |       |       |       |       |       |       |       ||     1
         Chain mail        |    13 |       |       |       |       |       |       |       |       ||    13
         Plate armour      |    21 |    82 |   167 |   287 |   486 |   461 |   548 |   530 |  1276 ||  3858
         Skin              |     2 |       |       |       |       |       |       |       |       ||     2
  Dodge: Dodged            |    33 |    72 |   216 |   410 |   647 |   602 |   631 |   441 |   808 ||  3860
  Block: Kite shield       |       |       |       |   208 |   746 |  1254 |  1288 |  1047 |  2147 ||  6690
         Reflection        |       |       |       |       |    16 |   171 |    86 |     8 |    79 ||   360
         Tower shield      |       |       |       |       |       |   143 |       |       |       ||   143

Table legend: (Time is in decaauts)
 A = Elapsed time spent in this place.
 B = Non-inter-level travel time spent in this place.
 C = Inter-level travel time spent in this place.
 D = Time resting spent in this place.
 E = Time spent auto-exploring this place.
 F = Levels seen in this place.
 G = Mean time per level.
                   A        B        C        D        E       F      G
               +--------+--------+--------+--------+--------+-----+--------+
         Total |  86856 |  79956 |   6900 |  22253 |  41537 |  74 | 1173.7 |
       Dungeon |  15030 |  12562 |   2468 |    790 |   9688 |  15 | 1002.0 |
          Lair |   7102 |   6075 |   1027 |    743 |   4256 |   5 | 1420.4 |
        Shoals |   6198 |   5906 |    292 |    486 |   4327 |   4 | 1549.5 |
     Snake Pit |   5765 |   4931 |    834 |   1354 |   2579 |   4 | 1441.2 |
    Slime Pits |   3694 |   3580 |    114 |   1939 |    546 |   5 |  738.8 |
  Orcish Mines |   2096 |   1865 |    231 |    468 |    947 |   2 | 1048.0 |
   Elven Halls |   5600 |   5351 |    249 |   1393 |   2498 |   3 | 1866.7 |
        Vaults |  10070 |   9380 |    690 |   3360 |   4310 |   5 | 2014.0 |
         Crypt |   3756 |   3578 |    178 |    971 |   1742 |   3 | 1252.0 |
        Depths |  11382 |  10661 |    721 |   4208 |   5151 |   4 | 2845.5 |
          Hell |    953 |    927 |     26 |     28 |    571 |   1 |  953.0 |
       Gehenna |   6902 |   6858 |     44 |   3846 |   1815 |   7 |  986.0 |
       Cocytus |   1647 |   1627 |     20 |    821 |    499 |   4 |  411.8 |
           Zot |      1 |      1 |      0 |      0 |      0 |   1 |    1.0 |
         Abyss |   3395 |   3395 |      0 |    629 |   1464 |   6 |  565.8 |
       Ossuary |    402 |    402 |      0 |      0 |    302 |   1 |  402.0 |
        Bailey |    392 |    392 |      0 |     28 |    175 |   1 |  392.0 |
      Ice Cave |   1322 |   1322 |      0 |    896 |    231 |   1 | 1322.0 |
        Wizlab |    405 |    405 |      0 |     70 |    148 |   1 |  405.0 |
      Gauntlet |    735 |    735 |      0 |    216 |    285 |   1 |  735.0 |
               +--------+--------+--------+--------+--------+-----+--------+

Top non-repeatable levels by time:
   Geh:7: 3733 daAuts
Vaults:4: 3700 daAuts
Depths:1: 3623 daAuts
   Elf:3: 3024 daAuts
Depths:2: 2811 daAuts
Depths:4: 2550 daAuts
Depths:3: 2396 daAuts
Vaults:2: 2138 daAuts
 Crypt:3: 1959 daAuts
 Slime:5: 1895 daAuts
 Snake:1: 1738 daAuts
Shoals:3: 1718 daAuts
  Lair:2: 1704 daAuts
Shoals:4: 1700 daAuts
Shoals:2: 1599 daAuts
